 Dungeon Crawl Stone Soup version 0.31.0-11-ge490571c62 (webtiles) character file.

Game seed: 13741432472385733137

34 fun123 the Covered (level 3, -1/16 (39) HPs)
             Began as a Human Wanderer on Jan 29, 2024.
             Slain by an orc
             ... wielding a +0 whip
              (2 damage)
             ... on level 2 of the Dungeon.
             The game lasted 00:01:57 (946 turns).

fun123 the Covered (Human Wanderer)                  Turns: 946, Time: 00:01:58

HP:   -1/16 (39)    AC: 21    Str: 15 (17) XL:     3   Next: 31%
MP:   4/4           EV:  2    Int:  6 (8)  God:
Gold: 60            SH:  0    Dex: 12 (15) Spells: 4/4 levels left

rFire   . . .        b - +0 mace
rCold   . . .        (no shield)
rNeg    . . .        a - melded +2 scale mail
rPois   +            g - melded +0 helmet
rElec   .            (cloak currently unavailable)
rCorr   .            (gloves currently unavailable)
SInv    .            (boots currently unavailable)
Will    .....        (no amulet)
Stlth   ++           (no ring)
HPRegen 0.22/turn    (no ring)
MPRegen 0.09/turn

%: no passive effects
@: tree-form, extremely drained
A: stationary, stasis, torment immunity, boosted hp, explore regen, agile 1
a: no special abilities


You were on level 2 of the Dungeon.
You were a tree.
You visited 1 branch of the dungeon, and saw 2 of its levels.

You collected 60 gold pieces.

Inventory:

Hand Weapons
 b - a +0 mace (weapon)
Armour
 a - a +2 scale mail (melded)
 g - a +0 helmet (melded)
Scrolls
 c - 2 scrolls of identify {unknown}
 d - 2 scrolls of fog


   Skills:
 - Level 1.0 Fighting
 + Level 3.1 Maces & Flails
 - Level 4.0 Armour
 - Level 1.0 Stealth
 - Level 1.0 Spellcasting
 - Level 1.0 Invocations
 - Level 1.0 Evocations


You had 4 spell levels left.
You didn't know any spells.
Your spell library was empty.

Dungeon Overview and Level Annotations

Branches:
Dungeon (2/15) Zot: 11021

Altars:

Annotations:
D:2 Robin, Terence


Innate Abilities, Weirdness & Mutations

You are a tree.
Your roots penetrate the ground, keeping you stationary.
You cannot be teleported.
You are immune to unholy pain and torment.
Your maximum health is greatly increased.
Your equipment is partially melded.
You regain HP and MP as you explore.
You are agile. (Dex +4, Str/Int -1)


Message History

The orc wizard hits you but does no damage.
You feel drained. Something hits you but does no damage.
You nearly hit yourself!
Something hits you but does no damage.
The orc wizard hits you but does no damage.
You feel drained. The orc hits you but does no damage.
You nearly hit yourself!
The orc hits you but does no damage.
The orc wizard hits you but does no damage.
You feel drained. Something hits you but does no damage.
You miss the orc wizard.
The orc wizard is heavily wounded.
The orc hits you but does no damage.
The orc wizard hits you but does no damage.
You feel drained. Something hits you but does no damage.
You closely miss the orc wizard.
The orc wizard is heavily wounded.
The orc hits you with a +0 whip.
The orc wizard hits you with a +2 dagger of draining.
You feel drained. Something hits you.
You attack the rock wall.
You feel less confused.
Your enlightenment fades.
The orc wizard hits you but does no damage.
You feel drained. The orc barely misses you.
Something hits you but does no damage.
You hear some strange, mumbled words.
A magic dart appears from out of thin air!
The magic dart hits you!
* * * LOW HITPOINT WARNING * * *
The orc priest casts a cantrip, but nothing happens.
The orc wizard points at you and mumbles some strange words.
You resist with significant effort. The orc hits you but does no damage.
You hit the orc wizard.
The orc wizard is severely wounded.
The orc hits you with a +0 whip.
* * * LOW HITPOINT WARNING * * *
The orc wizard casts a spell.
The orc wizard flickers and vanishes!
Something hits you but does no damage.
You hit something.
Reactivating autopickup.
You feel a bit more experienced. The orc hits you with a +0 whip.
You die...

##### #### #...#
######.....
####...#######..{ol.....
....[.+........♣)oo....
#....#####.#.####.....
#..........#.# ...
.####.########.# !
......<........#
########.....####.
.......'..........
##.....#.....#####
.......###........


You could see an orc priest, 2 orcs and a frilled lizard.

Vanquished Creatures
  An orc wizard (D:2)
  5 ball pythons (D:1)
  An endoplasm (D:2)
  2 giant cockroaches (D:1)
  3 goblins
  4 hobgoblins
  4 jackals (D:1)
  2 kobolds (D:1)
  4 bats (D:1)
  A frilled lizard (D:1)
  2 rats (D:1)
29 creatures vanquished.

Notes
Turn   | Place    | Note
-------+----------+-------------------------------------------
     0 | D:1      | fun123 the Human Wanderer began the quest for the Orb.
     0 | D:1      | fun123 set off with the following items: a +2 scale mail, a
                  | +0 mace, a scroll of fog, a scroll of teleportation.
     0 | D:1      | Reached XP level 1. HP: 15/15 MP: 2/2
    37 | D:1      | Reached XP level 2. HP: 13/21 MP: 3/3
   391 | D:1      | Reached XP level 3. HP: 24/26 MP: 4/4
   858 | D:2      | Noticed Terence
   858 | D:2      | Noticed Robin
   925 | D:2      | Gained mutation: You are agile. (Dex +4, Str/Int -1)
                  | [potion of mutation]
   946 | D:2      | Slain by an orc

Illustrated notes

Levels and vault maps discovered:
D:1:      lordsloth_arrival_two_stooges, layout_basic, hangedman_decor_growths,
          hangedman_glass_garden, minmay_tetromino_o4
D:2:      layout_basic, basic_altar, chequers_serial_rivers_micro_c,
          uniq_terence, uniq_robin

Skill      XL: |  1  2  3 |
---------------+----------+-----
Maces & Flails | 2 3 |  3.1
Fighting       | |  1.0
Armour         | |  4.0
Stealth        | |  1.0
Spellcasting   | |  1.0
Invocations    | |  1.0
Evocations     | |  1.0

Action                     || total
---------------------------++-------
  Melee: Mace              ||   115
    Use: Potion            ||     4
         Scroll            ||     1
 Armour: Scale mail        ||   109
         Skin              ||    51
  Dodge: Dodged            ||    97
